 Dungeon Crawl Stone Soup version 0.30-a0-852-g08b95dd62f (webtiles) character file.

Game seed: 10594253415314249137

214 NinjaNoafa the Changer (level 5, -7/33 HPs)
             Began as an Octopode Transmuter on Mar 4, 2023.
             Killed from afar by a steam dragon (19 damage)
             ... with a ball of steam
             ... on level 5 of the Dungeon.
             The game lasted 00:17:42 (3263 turns).

NinjaNoafa the Changer (Octopode Transmuter)        Turns: 3263, Time: 00:17:43

Health: -7/33      AC:  1    Str:  9    XL:     5   Next: 92%
Magic:  8/9        EV: 13    Int: 17    God:
Gold:   187        SH:  0    Dex: 13    Spells: 7/10 levels left

rFire   . . .      SeeInvis .      - Unarmed
rCold   . . .      Faith    .    (no shield)
rNeg    . . .      Spirit   .    (helmet currently unavailable)
rPois   .          Reflect  .    q - amulet of regeneration
rElec   .          Rampage  .    m - ring of flight
rCorr   .                        (no ring)
Will    .....                    (no ring)
Stlth   +++                      (no ring)
HPRegen 1.05/turn                (no ring)
MPRegen 0.11/turn                (no ring)
                                 (no ring)
                                 (no ring)

@: about to teleport, appendages, wereblooded (expiring), flying
A: tentacle spike 3, almost no armour, amphibious, 8 rings, camouflage 1,
gelatinous body 1, (nimble swimmer 1), tentacles
a: End Transformation


You were on level 5 of the Dungeon.
One of your tentacles had grown a beastly spike.
You visited 1 branch of the dungeon, and saw 5 of its levels.

You collected 187 gold pieces.

Inventory:

Missiles
 k - 3 poisoned darts
Jewellery
 m - a ring of flight (left tentacle)
 q - an amulet of regeneration (around mantle)
Wands
 a - a wand of paralysis (2)
Scrolls
 b - a scroll of enchant weapon {unknown}
 c - a scroll of magic mapping {unknown}
 f - 2 scrolls of immolation
 i - 2 scrolls of teleportation
 l - 3 scrolls of identify {unknown}
 n - 2 scrolls of fear {unknown}
 p - a scroll of brand weapon {unknown}
Potions
 d - a potion of curing {unknown}
 e - 2 potions of flight {unknown}
 g - a potion of mutation {unknown}
 h - a potion of brilliance {unknown}
 j - 2 potions of might {unknown}
 r - a potion of berserk rage {unknown}
Miscellaneous
 o - a piece from Xom's chessboard (15/15)


   Skills:
 - Level 1.5 Fighting
 - Level 2.4 Dodging
 - Level 2.5 Stealth
 - Level 3.2 Unarmed Combat
 + Level 3.1 Spellcasting
 + Level 4.0 Transmutations
 + Level 1.0 Poison Magic


You had 7 spell levels left.
You knew the following spells:

 Your Spells              Type           Power      Damage    Failure   Level
a - Beastly Appendage     Tmut           32%        N/A       3%          1
b - Wereblood             Tmut           16%        N/A       4%          2

Your spell library contained the following spells:

 Spells                   Type           Power      Damage    Failure   Level
 Sting                    Tmut/Pois      44%        1d5       6%          1
 Apportation              Tloc           4%         N/A       17%         1
 Necrotise                Necr           8%         1d4       17%         1
 Summon Small Mammal      Summ           8%         N/A       17%         1
 Spider Form              Tmut/Pois      11%        N/A       19%         3
 Cigotuvi's Dreadful Rot  Necr/Pois/Air  6%         N/A       22%         2
 Poisonous Vapours        Pois/Air       8%         N/A       22%         2
 Mephitic Cloud           Conj/Pois/Air  3%         N/A       41%         3
 Ice Form                 Ice/Tmut       9%         N/A       58%         4
 Olgreb's Toxic Radiance  Pois           6%         N/A       75%         4


Dungeon Overview and Level Annotations

Branches:
Dungeon (5/15)
 Temple: D:4-7

Altars:
Elyvilon
Uskayaw
Xom
Zin
The Shining One


Innate Abilities, Weirdness & Mutations

One of your tentacles has grown a beastly spike.
You cannot wear most types of armour.
You are amphibious.
You can wear up to eight rings at the same time.
Your skin changes colour to match your surroundings (Stealth+).
Your rubbery body absorbs attacks. (AC +1, EV +1)
((You are camouflaged when in or above water. (Stealth+)))
You have tentacles for arms and can constrict up to eight enemies at once.


Message History

The hound barely misses you.
You tentacle-slap the hound but do no damage.
The hound is heavily wounded.
You constrict the hound, but do no damage.
The hound bites you. The hound barely misses you.
Casting: Wereblood (safe; 5% risk of failure)
Confirm with . or Enter, or press ? or * to list all spells.
One of your tentacles grows a vicious spike.
You constrict the hound, but do no damage.
The hound barely misses you.
Okay, then.
You tentacle-slap the hound.
The hound is severely wounded.
You constrict the hound. The hound bites you. x2
You tentacle-slap the hound.
You feel a bit better.
You kill the hound!
You howl as the wereblood boils in your veins!
The steam dragon breathes steam at you. The ball of steam hits you!
Ouch! That really hurt!
* * * LOW HITPOINT WARNING * * *
Your Transmutations skill increases to level 4!
Your Poison Magic skill increases to level 1!
You howl as the wereblood boils in your veins!
Okay, then.
As you read the scroll labelled HEJUIS MAMMUKYAZ, it crumbles to dust.
The creatures around you are filled with an inner flame!
It was a scroll of immolation.
Your primal bloodlust is almost over.
As you read the scroll labelled MEBEANK XIOLY, it crumbles to dust.
You feel strangely unstable.
It was a scroll of teleportation.
You howl as the wereblood boils in your veins!
The steam dragon bites you!
* * * LOW HITPOINT WARNING * * *
The steam dragon claws you.
* * * LOW HITPOINT WARNING * * *
The steam dragon breathes steam at you. The ball of steam hits you!!
Ouch! That really hurt!
You die...

##### # #...#
#.###########...#
#..........##...#
#....ยง......(#
#....D.......#
#....@.......#
#######'##...#######
#.##...#.....#
#.##...#.....#
#.D...##...#.....#
#.....++...'<....+
#.....##...#.....#
#.....######.....#
#.....# #.....#


You could see a steam dragon (inner flame, catching breath).

Vanquished Creatures
  A hound (D:5)
  An iguana (D:4)
  Ijyb (D:3)
  Jessica (D:2)
  4 adders
  An ufetubus (D:4)
  2 worms
  5 ball pythons
  4 bats
  2 endoplasms (D:4)
  2 giant cockroaches (D:3)
  6 goblins
  2 hobgoblins
  10 jackals
  4 quokkas
  3 frilled lizards (D:1)
  8 kobolds
  4 rats
  2 butterflies (D:4)
63 creatures vanquished.

Notes
Turn   | Place    | Note
-------+----------+-------------------------------------------
     0 | D:1      | NinjaNoafa the Octopode Transmuter began the quest for the
                  | Orb.
     0 | D:1      | Reached XP level 1. HP: 13/13 MP: 3/3
   117 | D:1      | Reached XP level 2. HP: 13/18 MP: 3/5
   124 | D:1      | Learned a level 2 spell: Wereblood
   132 | D:1      | Upgraded the game from 0.30-a0-847-g17996783a1 to
                  | 0.30-a0-852-g08b95dd62f
   531 | D:1      | Reached skill level 3 in Transmutations
   531 | D:1      | Reached XP level 3. HP: 23/23 MP: 6/6
   844 | D:2      | Noticed Jessica
   854 | D:2      | Killed Jessica
  1141 | D:2      | Reached XP level 4. HP: 28/28 MP: 6/8
  1481 | D:3      | Reached skill level 1 in Stealth
  1672 | D:3      | Noticed Ijyb
  1676 | D:3      | Paralysed by Ijyb for 4 turns
  1690 | D:3      | Paralysed by Ijyb for 2 turns
  1692 | D:3      | Killed Ijyb
  1941 | D:3      | Reached XP level 5. HP: 33/33 MP: 9/9
  2035 | D:3      | Found a hide-covered altar of Uskayaw.
  2215 | D:4      | Found a shimmering altar of Xom.
  2255 | D:4      | Identified the +11 flail of the Hero {antimagic, Drain
                  | rElec Will+ Str+4}
  2448 | D:4      | Found a white marble altar of Elyvilon.
  2673 | D:4      | Found Ihammuvela's General Store.
  3194 | D:4      | Found a glowing silver altar of Zin.
  3194 | D:4      | Found a glowing golden altar of the Shining One.
  3224 | D:5      | Entered Level 5 of the Dungeon
  3250 | D:5      | Noticed a steam dragon
  3259 | D:5      | Reached skill level 4 in Transmutations
  3259 | D:5      | Reached skill level 1 in Poison Magic
  3263 | D:5      | Killed from afar by a steam dragon

Illustrated notes

Levels and vault maps discovered:
D:1:      nzn_arrival_water_spiral, layout_basic
D:2:      layout_loops_ring, uniq_jessica
D:3:      layout_basic, nicolae_uskayaw_dance_hall, kennysheep_generic_room_14,
          uniq_ijyb
D:4:      layout_basic, dreamdust_divine_triumvirate, xom_butterflies,
          serial_shops, nicolae_shop_hallway_plus, nicolae_figureground_pulse
D:5:      layout_basic, kennysheep_mini, gammafunk_temple_overflow_wave,
          nicolae_ru_the_path_less_chosen, uniq_blork_the_orc

Skill      XL: |  1  2  3  4  5 |
---------------+----------------+-----
Transmutations | 3 4 |  4.0
Stealth        | 2 |  2.5
Spellcasting   | 3 |  3.1
Poison Magic   | 1 |  1.0
Fighting       | |  1.5
Dodging        | |  2.4
Unarmed Combat | |  3.2

Action                     |  1- 3 |  4- 6 || total
---------------------------+-------+-------++-------
  Melee: Unarmed           |    57 |    82 ||   139
         Constrict         |    20 |    20 ||    40
         Tentacles         |    12 |    14 ||    26
         Kick              |    14 |    28 ||    42
         Punch             |     1 |     1 ||     2
   Cast: Beastly Appendage |    15 |    16 ||    31
         Wereblood         |     5 |     9 ||    14
    Use: Potion            |       |     1 ||     1
         Scroll            |       |     2 ||     2
   Stab: Sleeping          |     3 |     5 ||     8
 Armour: Skin              |     7 |    12 ||    19
  Dodge: Dodged            |    50 |    45 ||    95

Table legend: (Time is in decaauts)
 A = Elapsed time spent in this place.
 B = Non-inter-level travel time spent in this place.
 C = Inter-level travel time spent in this place.
 D = Time resting spent in this place.
 E = Time spent auto-exploring this place.
 F = Levels seen in this place.
 G = Mean time per level.
                   A        B        C        D        E       F      G
               +--------+--------+--------+--------+--------+-----+--------+
         Total |   3252 |   2976 |    276 |     32 |   1893 |   5 |  650.4 |
       Dungeon |   3252 |   2976 |    276 |     32 |   1893 |   5 |  650.4 |
               +--------+--------+--------+--------+--------+-----+--------+

Top non-repeatable levels by time:
     D:4: 1040 daAuts
     D:1: 822 daAuts
     D:3: 797 daAuts
     D:2: 553 daAuts
     D:5: 38 daAuts
